 Dungeon Crawl Stone Soup version 0.26.1-2-gb8aa6d0cf2 (webtiles) character file.

Game seed: 8170785281156943509

1919 Majorwet the Cleaver (level 8, -10/73 HPs)
             Began as a Minotaur Fighter on Feb 13, 2021.
             Was a Believer of Okawaru.
             Mangled by an orc warrior
             ... wielding a +0 halberd
              (15 damage)
             ... in a bailey on Feb 14, 2021.
             The game lasted 00:22:27 (5953 turns).

Majorwet the Cleaver (Minotaur Fighter)             Turns: 5953, Time: 00:22:28

Health: -10/73     AC: 18    Str: 23    XL:     8   Next: 95%
Magic:  0/7        EV:  9    Int:  5    God:    Okawaru [**....]
Gold:   653        SH: 12    Dex: 10    Spells: 7/7 levels left

rFire    + . .     SeeInvis .   F - +1 trident (venom)
rCold    + . .     Faith    .   c - +0 kite shield
rNeg     . . .     Spirit   +   H - +0 chain mail
rPois    .         Reflect  .   (helmet restricted)
rElec    .         Harm     .   m - +2 cloak
rCorr    .         Rampage  .   (no gloves)
Will     .....                  h - +2 pair of boots
Stlth    ..........             B - amulet of guardian spirit
HPRegen  0.22/turn              r - ring of protection from cold
MPRegen  0.10/turn              G - ring of protection from fire

@: mighty, heroism
A: retaliatory headbutt, horns 2
a: Renounce Religion, Heroism


You were in a bailey.
You worshipped Okawaru.
Okawaru was pleased with you.
You visited 2 branches of the dungeon, and saw 8 of its levels.
You also visited: Sewer and Bailey.

You collected 653 gold pieces.

Inventory:

Hand Weapons
 a - a +0 war axe
 y - a +3 short sword of freezing
 F - a +1 trident of venom (weapon)
Armour
 c - a +0 kite shield (worn)
 h - a +2 pair of boots (worn)
 m - a +2 cloak (worn)
 H - a +0 chain mail (worn)
Jewellery
 r - a ring of protection from cold (left hand)
 B - an amulet of guardian spirit (around neck)
 G - a ring of protection from fire (right hand)
Wands
 j - a wand of flame (15)
 w - a wand of disintegration (24) (quivered)
Scrolls
 e - 4 scrolls of fog
 g - 4 scrolls of identify
 i - a scroll of noise
 k - 7 scrolls of remove curse
 l - a scroll of amnesia
 t - a scroll of enchant armour
 u - a scroll of teleportation
 A - a scroll of fear {unknown}
 D - a scroll of blinking {unknown}
Potions
 f - 3 potions of flight {unknown}
 n - 5 potions of curing
 o - 3 potions of degeneration
 p - 6 potions of resistance {unknown}
 q - a potion of cancellation {unknown}
 s - 2 potions of mutation {unknown}
 v - a potion of heal wounds {unknown}
 x - 3 potions of ambrosia {unknown}
 z - 2 potions of magic {unknown}


   Skills:
 * Level 7.0(12.0) Fighting
 * Level 10.3(15.5) Axes
 + Level 2.5(12.1) Polearms
 + Level 5.6(10.6) Armour
 + Level 6.4(11.4) Shields


You had 7 spell levels left.
You didn't know any spells.
Your spell library contained the following spells:

 Spells                   Type           Power        Failure   Level
 Animate Skeleton         Necr           0%           99%         1
 Pain                     Necr           0%           99%         1
 Frozen Ramparts          Ice            0%           100%        3
 Gell's Gravitas          Tloc           0%           100%        3
 Vampiric Draining        Necr           0%           100%        3
 Animate Dead             Necr           0%           100%        4
 Hailstorm                Conj/Ice       0%           100%        4
 Iskenderun's Mystic Bla  Conj/Tloc      0%           100%        4
 Agony                    Necr           0%           100%        5


Dungeon Overview and Level Annotations

Branches:
Dungeon (7/15)             Temple (1/1) D:4           Sewer (visited)
 Bailey (1/1)

Altars:
Ashenzari
Cheibriados
Dithmenos
Elyvilon
Fedhas
Gozag
Hepliaklqana
Kikubaaqudgha
Makhleb
Nemelex Xobeh
Okawaru
Ru
Sif Muna
Uskayaw
Vehumet
Wu Jian
Xom
Yredelemnul
The Shining One

Shops:
D:6 (


Innate Abilities, Weirdness & Mutations

You reflexively headbutt those who attack you in melee.
You have a pair of horns on your head.


Message History

You are too injured to fight recklessly!
You swing at nothing.
The orc hits you but does no damage.
The orc warrior shoots a bolt.
You block the bolt. You block the orc's attack.
You swing at nothing.
The orc warrior hits you but does no damage.
You block the orc's attack.
You swing at nothing.
You block the orc's attack.
The orc warrior shoots a bolt.
The bolt closely misses you.
You swing at nothing.
You block the orc's attack. The orc warrior barely misses you.
You swing at nothing.
You block the orc's attack. The orc barely misses you.
The orc warrior shoots a bolt.
The bolt hits you!!
* * * LOW HITPOINT WARNING * * *
You block the orc warrior's attack. The orc hits you but does no damage.
There is a gate leading back out of this place here.
You see here a bolt.
The orc hits you but does no damage. You block the orc's attack.
The orc warrior hits you from afar with a +0 halberd!
You die...

#### ##∩## #####
....##...##.....
≈≈≈..#...#..≈≈≈.
≈o≈≈o......≈≈o≈≈
oo≈.......≈oo.≈
o≈≈.......≈≈o≈≈


#ooo# #.∩(# ##@## ### You could see 2 orc warriors and 2 orcs.

Vanquished Creatures
  An ice beast (D:6)
  2 phantoms
  An ogre (D:5)
  3 centaurs
  4 bullfrogs
  A scorpion (D:6)
  5 wights
  3 howler monkeys
  A gnoll shaman (D:6)
  A hound (D:5)
  2 orc priests (D:6)
  A bullfrog skeleton (D:4)
  5 orc wizards
  A centaur skeleton (D:5)
  Ijyb (D:5)
  4 worker ants
  A mummy (D:6)
  Robin (D:4)
  5 adders
  6 gnolls
  A white imp (D:7)
  2 ufetubi
  3 worms
  2 dart slugs
  7 leopard geckos
  13 orcs
  2 ball pythons (Sewer)
  6 bats
  11 giant cockroaches
  15 goblins
  9 hobgoblins
  8 jackals
  6 quokkas
  4 frilled lizards (Sewer)
  A giant cockroach zombie (D:5)
  2 hobgoblin zombies (D:6)
  6 kobolds
  A kobold zombie (D:6)
  A leopard gecko skeleton (D:6)
  An orc zombie (D:6)
  8 rats
158 creatures vanquished.

Vanquished Creatures (others)
  4 toadstools (D:1)
4 creatures vanquished.

Grand Total: 162 creatures vanquished

Notes
Turn   | Place    | Note
-------+----------+-------------------------------------------
     0 | D:1      | Majorwet the Minotaur Fighter began the quest for the Orb.
     0 | D:1      | Reached XP level 1. HP: 19/19 MP: 0/0
   242 | D:1      | Reached XP level 2. HP: 27/27 MP: 1/1
   592 | D:2      | Reached skill level 3 in Axes
   625 | D:2      | Reached XP level 3. HP: 3/33 MP: 2/2
  1216 | D:2      | Reached skill level 4 in Axes
  1733 | D:3      | Reached XP level 4. HP: 40/40 MP: 3/3
  1780 | D:3      | Found a shimmering altar of Xom.
  1781 | D:3      | Found a shimmering altar of Xom.
  1782 | D:3      | Found a shimmering altar of Xom.
  1796 | D:3      | Found a shimmering altar of Xom.
  1796 | D:3      | Found a shimmering altar of Xom.
  1797 | D:3      | Found a shimmering altar of Xom.
  1798 | D:3      | Found a shimmering altar of Xom.
  1798 | D:3      | Found a shimmering altar of Xom.
  2137 | D:3      | Reached skill level 5 in Axes
  2268 | D:3      | Reached XP level 5. HP: 41/47 MP: 4/4
  2708 | D:4      | Noticed Robin
  2710 | D:4      | Killed Robin
  2756 | D:4      | Found a staircase to the Ecumenical Temple.
  2846 | D:4      | Found a shadowy altar of Dithmenos.
  3044 | Temple   | Entered the Ecumenical Temple
  3346 | Temple   | Became a worshipper of Warmaster Okawaru
  3442 | D:5      | Entered Level 5 of the Dungeon
  3462 | D:5      | Noticed Ijyb
  3475 | D:5      | Reached skill level 6 in Axes
  3482 | D:5      | Killed Ijyb
  3483 | D:5      | Reached XP level 6. HP: 43/53 MP: 5/5
  3548 | D:5      | Found a glowing drain.
  3556 | D:5      | Reached * piety under Okawaru
  3557 | D:5      | Reached skill level 5 in Fighting
  3557 | D:5      | Reached skill level 7 in Axes
  3566 | D:5      | Reached XP level 7. HP: 59/61 MP: 6/6
  3576 | Sewer    | Entered a sewer
  3972 | Sewer    | Reached skill level 5 in Shields
  3992 | Sewer    | Identified the Grimoire of the Frigorific Voyage
  4038 | D:5      | Reached skill level 8 in Axes
  4052 | D:5      | Reached skill level 5 in Armour
  4754 | D:6      | Reached skill level 9 in Axes
  4754 | D:6      | Reached XP level 8. HP: 70/70 MP: 7/7
  4928 | D:6      | Reached ** piety under Okawaru
  5084 | D:6      | Found Ofoeshou's Weapon Boutique.
  5452 | D:6      | Reached skill level 10 in Axes
  5619 | D:6      | Reached skill level 1 in Polearms
  5878 | D:7      | Found a flagged portal.
  5934 | Bailey   | Entered a bailey
  5953 | Bailey   | Mangled by an orc warrior

Illustrated notes

Levels and vault maps discovered:
D:1:      ldierk_walled_garden_2, layout_basic
D:2:      layout_basic
D:3:      layout_rooms, xom_redecorated, wander_ebering_terrifying_dragon_lair
D:4:      layout_rooms, marbit_many_paths, minmay_temple_entry_fiery, uniq_robin
D:5:      layout_rooms, portal_sewer_entry_f, uniq_ijyb
D:6:      minmay_polygon_palace, layout_gridville, serial_shops, shop,
          minmay_mini_ossuary
D:7:      layout_rooms, trog_ov_bears_minmay, minitemple, enter_bailey_5,
          eino_tiny_chamber
Temple:   minmay_temple_bridge_d
Bailey:   bailey_polearm_4, bailey

Skill      XL: |  1  2  3  4  5  6  7  8 |
---------------+-------------------------+-----
Axes           | 3 4 5 6 7 9 10 | 10.3
Fighting       | 4 5 7 |  7.0
Shields        | 4 5 6 |  6.4
Armour         | 4 5 |  5.6
Polearms       | 2 |  2.5

Action                   |  1- 3 |  4- 6 |  7- 9 || total
-------------------------+-------+-------+-------++-------
Melee: War axe           |    61 |   136 |   147 ||   344
       Headbutt          |     9 |    27 |    26 ||    62
       Trident           |       |       |    66 ||    66
Invok: Heroism           |       |       |     2 ||     2
Evoke: Wand              |       |       |     1 ||     1
  Use: Scroll            |       |     8 |     1 ||     9
       Potion            |       |       |     2 ||     2
Armor: Scale mail        |    43 |    51 |   119 ||   213
       Chain mail        |       |       |    37 ||    37
Dodge: Dodged            |    16 |    43 |    86 ||   145
Block: Kite shield       |    40 |    82 |   173 ||   295
